Map: Oxide LE

Players

AgoElazer (Elazer)

  • Race: Zerg Zerg
  • Spawn Location: 7:00

maru - Winner!

  • Race: Terran Terran
  • Spawn Location: 1:00

Event: TSL 6

VOD

Have the link to the VOD?

Description

Time

  • Played on: Dec. 20, 2020, 12:05 p.m.
  • Length: 6:03

All games in this series

Show
View Real Time Build Order
Export as new Build Order

AgoElazer Zerg 

Build Orders: Hatch First 

Get SALT Encoding   

  12  0:00  Drone  
  13  0:12  Overlord  
  13  0:17  Drone  
  14  0:31  Drone x2  
  16  0:48  Hatchery  
  15  0:51  Drone  
  15  0:54  Drone  
  17  0:57  Drone  
  18  1:08  Extractor  
  17  1:13  Spawning Pool  
  17  1:15  Drone  
  17  1:19  Drone  
  18  1:28  Drone  
  19  1:38  Drone  
  20  1:49  Drone  
  21  1:59  Queen x2  
  21  2:00  Zergling x2  
  26  2:01  Overlord  
  26  2:11  Zergling x2  
  26  2:12  Drone  
  28  2:20  Roach Warren  
  27  2:24  Drone x2  
  29  2:32  Drone  
  29  2:33  Drone  
  31  2:43  Overlord x2  
  31  3:00  Roach  
  31  3:04  Roach  
  35  3:08  Roach x3  
  35  3:09  Roach x2  
  35  3:10  Roach x2  
  49  3:13  Roach  
  51  3:30  Hatchery  
  51  3:31  Overlord  
  50  3:35  Drone  
  50  3:36  Drone  
  52  3:50  Drone x5, Ravager  
  52  3:55  Overlord  
  58  3:56  Drone  
  58  3:59  Drone  
  60  4:20  Overlord  
  60  4:21  Drone x8  
  62  4:29  Drone  
  53  4:40  Drone x2  
  46  4:46  Drone x2  
  46  4:47  Drone  
  42  4:52  Queen  
  42  4:55  Queen  
  42  4:56  Lair  
  46  5:03  Drone x4  
  46  5:04  Drone  
  51  5:15  Evolution Chamber  
  51  5:17  Evolution Chamber  
  49  5:24  Drone x9  
  56  5:29  Drone  
  58  5:45  Spore Crawler  
  58  5:48  Spore Crawler  
  54  5:50  Drone x3  
Show
View Real Time Build Order
Export as new Build Order

maru Terran - Winner!

Build Orders: Hellion Banshee 

Get SALT Encoding   

  12  0:00  SCV  
  13  0:12  SCV  
  14  0:17  Supply Depot  
  14  0:24  SCV  
  15  0:39  Barracks, SCV  
  16  0:42  Refinery  
  16  0:51  SCV  
  17  1:03  SCV  
  18  1:15  SCV  
  19  1:26  Marine  
  19  1:27  Orbital Command  
  20  1:39  Command Center  
  20  1:49  Factory  
  20  1:53  SCV  
  21  2:02  Barracks Reactor  
  21  2:05  SCV  
  22  2:10  Supply Depot  
  22  2:17  SCV  
  22  2:18  Refinery  
  23  2:31  SCV  
  24  2:39  Starport  
  24  2:43  SCV  
  25  2:47  Hellion x2  
  29  2:52  Orbital Command  
  29  2:55  SCV  
  30  3:08  Hellion x2, SCV  
  35  3:15  Supply Depot  
  35  3:17  SCV  
  36  3:22  Fusion Core  
  36  3:25  SCV  
  36  3:27  Starport Tech Lab  
  37  3:29  SCV  
  37  3:34  Marine  
  39  3:39  Bunker  
  39  3:42  Hellion  
  39  3:46  Banshee  
  44  3:51  SCV, Marine  
  44  3:55  Supply Depot  
  46  4:08  Hellion x2  
  50  4:16  SCV  
  51  4:20  Orbital Command  
  49  4:28  SCV  
  49  4:30  Battlecruiser  
  53  4:42  SCV  
  41  4:46  Supply Depot  
  39  4:53  Barracks Tech Lab  
  39  4:56  SCV x2  
  41  5:04  Supply Depot  
  41  5:08  SCV x2  
  43  5:15  Marine  
  43  5:20  SCV  
  45  5:21  SCV  
  44  5:32  SCV  
  41  5:36  SCV  
  41  5:40  Command Center  
  41  5:42  Supply Depot  
  42  5:44  SCV  
  42  5:48  SCV  
Tags
 
Composition
Hellion Banshee
Event
TSL 6
Matchup
TvZ
Spawn Locations
Cross Positions
Add a new tag
Caveats
  • Supply blocks, unpowered buildings, or Contaminate may cause inaccurate times.
  • Supply counts are checked every 10 seconds.